 Dungeon Crawl Stone Soup version 0.30-a0-629-gd54f4be4f7 (webtiles) character file.

Game seed: 9488849819444393270

541 bande the Covered (level 7, 0/44 HPs)
             Began as a Gargoyle Fighter on Jan 12, 2023.
             Was a Follower of Okawaru.
             Slain by a jelly (3 damage)
             ... on level 6 of the Dungeon.
             The game lasted 00:07:37 (3569 turns).

bande the Covered (Gargoyle Fighter)                Turns: 3569, Time: 00:07:38

Health: 0/44       AC:  0    Str: 20    XL:     7   Next: 26%
Magic:  8/8        EV:  4    Int:  8    God:    Okawaru [*.....]
Gold:   56         SH:  8    Dex: 11    Spells: 6/6 levels left

rFire   + . .      SeeInvis .    a - +1 war axe
rCold   . . .      Faith    .    b - +0 kite shield
rNeg    + . .      Spirit   .    c - +0 plate armour
rPois   ∞          Reflect  .    f - +0 helmet
rElec   +          Harm     .    s - +1 cloak
rCorr   .          Rampage  .    (no gloves)
Will    .....                    (no boots) Stlth
                                 (no amulet)
HPRegen 0.27/turn                k - ring of protection from fire
MPRegen 0.11/turn                (no ring)

@: corroded
A: sickness immunity, AC +4, negative energy resistance 1, electricity
resistance, torment resistance 1, petrification resistance
a: Renounce Religion, Heroism


You were on level 6 of the Dungeon.
You worshipped Okawaru.
Okawaru was aware of your devotion.
You visited 2 branches of the dungeon, and saw 7 of its levels.

You collected 177 gold pieces.
You spent 121 gold pieces at shops.

Inventory:

Hand Weapons
 a - a +1 war axe (weapon)
 t - a +0 flail
 x - a +0 war axe
Armour
 b - a +0 kite shield (worn)
 c - a +0 plate armour (worn)
 f - a +0 helmet (worn)
 s - a +1 cloak (worn)
Jewellery
 k - a ring of protection from fire (left hand)
 o - a ring of ice
Wands
 l - a wand of roots (6)
 r - a wand of light (7)
Scrolls
 g - a scroll of enchant armour
 i - 3 scrolls of identify
 n - a scroll of enchant weapon
 w - a scroll of amnesia
Potions
 d - 5 potions of might
 e - 2 potions of cancellation {unknown}
 h - 3 potions of curing
 j - a potion of resistance {unknown}
 m - 2 potions of heal wounds {unknown}
 p - a potion of lignification {unknown}
 q - a potion of mutation {unknown}
 v - a potion of flight {unknown}


   Skills:
 + Level 4.3 Fighting
 + Level 4.6 Axes
 + Level 4.6 Armour
 - Level 0.1 Dodging
 + Level 4.4 Shields
 * Level 1.9 Invocations
 * Level 1.5 Evocations


You had 6 spell levels left.
You didn't know any spells.
Your spell library was empty.

Dungeon Overview and Level Annotations

Branches:
Dungeon (5/15)             Temple (1/1) D:4

Altars:
Ashenzari
Cheibriados
Dithmenos
Elyvilon
Fedhas
Gozag
Hepliaklqana
Kikubaaqudgha
Makhleb
Okawaru
Uskayaw
Wu Jian
Xom
Yredelemnul
Zin
The Shining One

Shops:
D:3 [

Annotations:
D:4 3 runed translucent doors, Bediveer's ghost, amateur HuFi
Temple 2 transporters


Innate Abilities, Weirdness & Mutations

You are immune to sickness and miasma.
Your stone body is resilient. (AC +4)
You are immune to poison.
You resist negative energy. (rN+)
You are resistant to electric shocks. (rElec)
You are resistant to unholy torment.
You are immune to petrification.


Message History

You hit the jelly but do no damage.
Your hands burn!
The jelly is moderately wounded.
The jelly closely misses you. The jelly hits you but does no damage.
You hit the jelly. The acid corrodes you!
Your hands burn!
The jelly is heavily wounded.
You block the jelly's attack.
A jelly is nearby!
A jelly is nearby!
You hit the jelly.
Your hands burn!
The jelly is severely wounded.
You block the jelly's attack. The jelly hits you but does no damage.
You hit the jelly but do no damage.
Your hands burn!
The jelly is severely wounded.
The jelly hits you. The acid corrodes you!
You are splashed with acid!
You are too injured to fight recklessly!
You are too injured to fight recklessly!
You are too injured to fight recklessly!
You are too injured to fight recklessly!
A jelly is nearby!
You hit the jelly. The acid corrodes you!
Your hands burn!
* * * LOW HITPOINT WARNING * * *
The jelly is almost dead.
The jelly hits you but does no damage. x2
You hit the jelly.
Your hands burn!
* * * LOW HITPOINT WARNING * * *
The jelly is almost dead.
The jelly hits you but does no damage.
You hit the jelly but do no damage.
Your hands burn!
* * * LOW HITPOINT WARNING * * *
The jelly is almost dead.
The jelly barely misses you. The jelly hits you but does no damage.
You hit the jelly but do no damage.
Your hands burn!
* * * LOW HITPOINT WARNING * * *
The jelly is almost dead.
The jelly hits you but does no damage.
You hit the jelly but do no damage. The acid corrodes you!
Your hands burn!
* * * LOW HITPOINT WARNING * * *
The jelly is almost dead.
You block the jelly's attack. The jelly hits you.
You die...

######## .. ..#
#..#...##.. ...
#.......... . ##.#
###..........
..#...##..#......#
.
......#....##...#..
..................
##..............
##.@...#.....###
#..J.........#
##.......#....#
#....#.##....#
......### ......
.##..... ......
........ .....
#......## ....
..##....


You could see a jelly.

Vanquished Creatures
  A black bear (D:4)
  A centaur (D:3)
  A kobold brigand (D:4)
  A scorpion (D:6)
  2 iguanas (D:5)
  2 orc wizards (D:4)
  Robin (D:4)
  3 adders
  A shadow imp (D:5)
  An ufetubus (D:3)
  2 worms
  A dart slug (D:3)
  5 orcs
  6 ball pythons
  5 endoplasms
  2 giant cockroaches
  16 goblins
  7 hobgoblins
  6 kobolds
  5 quokkas
  4 bats
  3 frilled lizards
  3 rats
79 creatures vanquished.

Notes
Turn   | Place    | Note
-------+----------+-------------------------------------------
     0 | D:1      | bande the Gargoyle Fighter began the quest for the Orb.
     0 | D:1      | Reached XP level 1. HP: 14/14 MP: 1/1
   200 | D:1      | Reached XP level 2. HP: 19/19 MP: 2/2
   587 | D:2      | Found a faded altar of an unknown god.
   638 | D:2      | Reached XP level 3. HP: 23/23 MP: 3/3
  1446 | D:3      | Noticed a centaur
  1457 | D:3      | Killed a centaur
  1458 | D:3      | Reached XP level 4. HP: 15/29 MP: 4/4
  1458 | D:3      | Reached XP level 5. HP: 18/33 MP: 5/5
  1631 | D:3      | Found a snail-covered altar of Cheibriados.
  2077 | D:3      | Found Worig's Antique Armour Shoppe.
  2080 | D:3      | Bought a kite shield for 121 gold pieces
  2271 | D:4      | Noticed Robin
  2477 | D:4      | Killed Robin
  2530 | D:4      | Found a staircase to the Ecumenical Temple.
  2651 | Temple   | Entered the Ecumenical Temple
  2651 | Temple   | Found a transporter.
  2651 | Temple   | Found a transporter.
  2653 | Temple   | Found a transporter.
  2653 | Temple   | Found a transporter.
  2679 | Temple   | Became a worshipper of Warmaster Okawaru
  2719 | D:4      | Noticed a kobold brigand
  2727 | D:4      | Killed a kobold brigand
  2728 | D:4      | Reached XP level 6. HP: 38/38 MP: 6/6
  2792 | D:4      | Found a runed translucent gate.
  2793 | D:4      | Found a runed translucent gate.
  2793 | D:4      | Found a runed translucent gate.
  2793 | D:4      | Found an opulent altar of Gozag.
  2800 | D:4      | Noticed a black bear
  2809 | D:4      | Killed a black bear
  2810 | D:4      | Reached skill level 1 in Invocations
  2833 | D:4      | Reached skill level 1 in Evocations
  2855 | D:4      | Reached * piety under Okawaru
  3051 | D:4      | Noticed Bediveer's ghost (amateur HuFi)
  3051 | D:4      | Noticed a black bear
  3053 | D:4      | Noticed a steam dragon
  3135 | D:5      | Entered Level 5 of the Dungeon
  3168 | D:5      | Reached XP level 7. HP: 18/43 MP: 8/8
  3510 | D:5      | You fall into a shaft and drop 1 floor!
  3569 | D:6      | Slain by a jelly

Illustrated notes

Levels and vault maps discovered:
D:1:      dpeg_arrival_three_bigger_balls, layout_basic, st_stairs_14
D:2:      layout_loops_corners, shapermc_ecumenical_altar_totnotflames,
          minivault_11
D:3:      layout_basic, kennysheep_slug_shrine, serial_shops,
          nicolae_shop_behind_doors
D:4:      layout_rooms, minmay_temple_entry_glassed_door, ebering_ghost_gozag,
          uniq_robin
D:5:      layout_cave_pools
D:6:      layout_cave_pools
Temple:   hellmonk_temple_divided_pantheon

Skill      XL: |  1  2  3  4  5  6 |
---------------+-------------------+-----
Axes           | 2 3 4 |  4.6
Armour         | 4 |  4.6
Fighting       | 4 |  4.3
Shields        | 4 |  4.4
Invocations    | 1 |  1.9
Evocations     | 1 |  1.5
Dodging        | |  0.1

Action                   |  1- 3 |  4- 6 |  7- 9 || total
-------------------------+-------+-------+-------++-------
Melee: War axe           |   112 |   140 |    27 ||   279
  Use: Scroll            |       |     6 |     3 ||     9
Armor: Scale mail        |    79 |     7 |       ||    86
       Plate armour      |       |   121 |    18 ||   139
       Chain mail        |       |    31 |       ||    31
Dodge: Dodged            |    61 |    40 |     4 ||   105
Block: Buckler           |    26 |     4 |       ||    30
       Kite shield       |       |    66 |    13 ||    79

Table legend: (Time is in decaauts)
 A = Elapsed time spent in this place.
 B = Non-inter-level travel time spent in this place.
 C = Inter-level travel time spent in this place.
 D = Time resting spent in this place.
 E = Time spent auto-exploring this place.
 F = Levels seen in this place.
 G = Mean time per level.
                   A        B        C        D        E       F      G
               +--------+--------+--------+--------+--------+-----+--------+
         Total |   3699 |   3629 |     70 |    525 |   2175 |   7 |  528.4 |
       Dungeon |   3653 |   3583 |     70 |    525 |   2175 |   6 |  608.8 |
        Temple |     46 |     46 |      0 |      0 |      0 |   1 |   46.0 |
               +--------+--------+--------+--------+--------+-----+--------+

Top non-repeatable levels by time:
     D:3: 1049 daAuts
     D:2: 883 daAuts
     D:4: 672 daAuts
     D:1: 595 daAuts
     D:5: 386 daAuts
     D:6: 66 daAuts
  Temple: 46 daAuts
